[Event "Early-Titled-Tuesday-Blitz-May-14-2024"]
[Site "Chess.com"]
[Date "2024.05.14"]
[Round "4"]
[White "ChessboArt"]
[Black "UF_10"]
[Result "0-1"]
[WhiteElo "2257"]
[BlackElo "2494"]
[TimeControl "180+1"]
[EndTime "8:39:49 PDT"]
[Termination "UF_10 won by resignation"]

1. Nf3 d5 2. g3 c6 3. Bg2 Bg4 4. b3 Nd7 5. Bb2 Ngf6 6. O-O e6 7. d3 Bd6 8. Nbd2 O-O 9. e4 e5 10. Re1 Re8 11. Nf1 Bb4 12. c3 Bd6 13. Ne3 Bh5 14. Qc2 Qc7 15. Nf5 Bf8 16. c4 d4 17. a3 a5 18. Bc1 h6 19. Bd2 c5 20. Kh1 Nb8 21. Ng1 Nc6 22. h3 Bg6 23. Nh4 Bh7 24. f4 Nh5 25.
Ne2 Be7 26. Nf5 Bxf5 27. exf5 Bd6 28. g4 Nxf4 29. Nxf4 exf4 30. Be4 Ne5 31. Rf1 Nd7 32. Rf2 Nf6 33. Bg2 Re7 34. Raf1 Re3 35. Bc1 Rae8 36.
Kh2 f3+ 0-1

[Event "Early-Titled-Tuesday-Blitz-May-14-2024"]
[Site "Chess.com"]
[Date "2024.05.14"]
[Round "4"]
[White "yonaltimur"]
[Black "Darko-Dimitrijevic"]
[Result "0-1"]
[WhiteElo "2365"]
[BlackElo "2234"]
[TimeControl "180+1"]
[EndTime "8:39:49 PDT"]
[Termination "Darko-Dimitrijevic won on time"]

1. e4 g6 2. d4 Bg7 3. c4 b6 4. Nc3 Bb7 5. Nf3 d6 6. Bd3 Nd7 7. O-O e6 8. Re1 Ne7 9. Qc2 O-O 10. b3 a6 11. Bb2 c5 12. d5 e5 13. a3 f5 14. Ng5 Qc8 15. Ne6 Rf7 16. f3 Bh8 17.
Na4 f4 18. b4 h6 19. bxc5 bxc5 20. Bc3 Ra7 21. Ba5 Nf8 22. Nb6 Qe8 23. Nc7 Qb8 24. Ne6 Nxe6 25. dxe6 Rh7 26. Rab1 Nc6 27. Nd7 Qe8 28. Bb6 Qxe6 29. Bc7 Rxd7 30. Bb6 Ra8 0-1

[Event "Early-Titled-Tuesday-Blitz-May-14-2024"]
[Site "Chess.com"]
[Date "2024.05.14"]
[Round "4"]
[White "maurovargas01"]
[Black "Louis-Paulsen-Fan"]
[Result "0-1"]
[WhiteElo "1960"]
[BlackElo "2326"]
[TimeControl "180+1"]
[EndTime "8:39:50 PDT"]
[Termination "Louis-Paulsen-Fan won by checkmate"]

1. e4 Nf6 2. Nc3 e5 3. d3 d5 4. f3 d4 5. Nce2 c5 6. g3 Nc6 7. Bg2 Bd6 8. f4 Ng4 9. Nf3 O-O 10. O-O f5 11. exf5 Bxf5 12. h3 Ne3 13. Bxe3 dxe3 14. fxe5 Nxe5 15. Nxe5 Bxe5 16. Qc1 Qe7 17. g4 Bg6 18.
Rb1 Rxf1+ 19. Qxf1 Rf8 20. Qe1 h5 21. gxh5 Bxh5 22.
Ng3 Qg5 23. Ne4 Qf4 24. c3 Qh2# 0-1

[Event "Early-Titled-Tuesday-Blitz-May-14-2024"]
[Site "Chess.com"]
[Date "2024.05.14"]
[Round "4"]
[White "Szparu"]
[Black "AryanTari"]
[Result "0-1"]
[WhiteElo "2859"]
[BlackElo "3062"]
[TimeControl "180+1"]
[EndTime "8:39:51 PDT"]
[Termination "AryanTari won by resignation"]

1. e4 e5 2. Nf3 Nc6 3. Bb5 Nge7 4. Nc3 Ng6 5. d4 exd4 6. Nxd4 Nxd4 7. Qxd4 c6 8. Be2 Qb6 9. Qd3 Be7 10. O-O O-O 11. Be3 Qc7 12. f4 d6 13. f5 Ne5 14.
Qd1 Bf6 15. Qd2 Qe7 16. Rad1 Rd8 17. a4 h6 18. g3 b6 19. h4 Bb7 20. Kh2 d5 21. exd5 cxd5 22. Bd4 Nc4 23. Bxf6 Qxf6 24. Qc1 d4 25. Bxc4 dxc3 26. b3 Qc6 27. Rf2 Qc5 28.
Rdf1 Rd4 29. f6 Qe5 30. Bxf7+ Kxf7 31. fxg7+ Kxg7 32. Rf7+ Kg8 33. Rxb7 Rd2+ 34. Kh1 Qe4+ 0-1

[Event "Early-Titled-Tuesday-Blitz-May-14-2024"]
[Site "Chess.com"]
[Date "2024.05.14"]
[Round "4"]
[White "Anu-triz"]
[Black "whitemirrorninja"]
[Result "1-0"]
[WhiteElo "2315"]
[BlackElo "2490"]
[TimeControl "180+1"]
[EndTime "8:39:51 PDT"]
[Termination "Anu-triz won by resignation"]

1. b3 e6 2. Bb2 Nf6 3. d4 a5 4.
Nf3 a4 5. g3 a3 6. Bc1 Ne4 7.
Qd3 d5 8. Bg2 b6 9. O-O Ba6 10.
c4 Bb7 11. Nc3 Bb4 12. cxd5 Nxc3 13. dxe6 fxe6 14. Bd2 Ba6 15. Qe3 Nxe2+ 16. Kh1 Bxd2 17. Nxd2 Ra7 18. Rfe1 Nxd4 19. Nf3 Nbc6 20. Rad1 O-O 21. Nxd4 Nxd4 22. Rxd4 Qf6 23. Rf4 Qe7 24. Rxf8+ Qxf8 25. Qxe6+ Kh8 26. Qe8 Ra8 27. Bxa8 Kg8 28. Bd5+ 1-0

[Event "Early-Titled-Tuesday-Blitz-May-14-2024"]
[Site "Chess.com"]
[Date "2024.05.14"]
[Round "4"]
[White "Tolyanius"]
[Black "Larina_Maria"]
[Result "1-0"]
[WhiteElo "2668"]
[BlackElo "2395"]
[TimeControl "180+1"]
[EndTime "8:39:52 PDT"]
[Termination "Tolyanius won by resignation"]

1. e4 c6 2. c4 d5 3. exd5 cxd5 4.
cxd5 Nf6 5. Nc3 Nxd5 6. Nf3 Nc6 7. Bb5 Nc7 8. Ba4 Bd7 9. d4 e6 10. O-O Be7 11. a3 O-O 12. Bc2 Ne8 13. Qd3 Nf6 14. Bg5 g6 15. Rad1 Rc8 16. Bb3 Na5 17. Ba2 Re8 18. Ne5 Nc6 19. Qh3 Qc7 20. Bxf6 Bxf6 21. Nxd7 Qxd7 22. d5 Nd4 23. dxe6 fxe6 24. Ne4 Bh8 25.
Ng5 Rc2 26. Nxe6 Rxe6 27. Bxe6+ Qxe6 28. Rxd4 Qxh3 29. Rd8+ Kf7 30. gxh3 Bxb2 31. Rd7+ Ke6 32. Rxb7 Bxa3 33. Rxa7 Bc5 34. Rxh7 Kf5 35. Rf7+ Kg5 36. Kg2 Rc4 37. Rc7 Rc3 38. Rd1 Rc2 39. Rd5+ Kf4 1-0

[Event "Early-Titled-Tuesday-Blitz-May-14-2024"]
[Site "Chess.com"]
[Date "2024.05.14"]
[Round "4"]
[White "LeoWin2012"]
[Black "MVM2008"]
[Result "0-1"]
[WhiteElo "2322"]
[BlackElo "2530"]
[TimeControl "180+1"]
[EndTime "8:39:53 PDT"]
[Termination "MVM2008 won by resignation"]

1. e4 e5 2. Nf3 Nf6 3. Nc3 Bc5 4. Nxe5 Nc6 5. Nxc6 dxc6 6. Be2 Qd4 7. O-O Nxe4 8.
Nxe4 Qxe4 9. Re1 Qh4 10. g3 Bxf2+ 11. Kxf2 Qxh2+ 12. Kf3 h5 13. d4 Bg4+ 14. Ke3 Qxg3+ 15. Kd2 O-O-O 16. Bxg4+ hxg4 17. c3 Rh2+ 18. Re2 Qf4+ 19. Kc2 Qe4+ 20. Kd2 g3 21. b3 Re8 22. Rxh2 gxh2 23.
Ba3 Qe3+ 24. Kc2 Qf2+ 25. Kb1 Re1 0-1

[Event "Early-Titled-Tuesday-Blitz-May-14-2024"]
[Site "Chess.com"]
[Date "2024.05.14"]
[Round "4"]
[White "jraosam"]
[Black "SargissyanSargis"]
[Result "0-1"]
[WhiteElo "2051"]
[BlackElo "2436"]
[TimeControl "180+1"]
[EndTime "8:39:53 PDT"]
[Termination "SargissyanSargis won by resignation"]

1. e4 c5 2. Nc3 Nc6 3. g3 g6 4.
Bg2 Bg7 5. d3 d6 6. Be3 Rb8 7.
Qd2 b5 8. h4 b4 9. Nd1 h5 10. Ne2 Nf6 11. f3 e5 12. O-O Nd4 13.
c3 bxc3 14. bxc3 Nxe2+ 15. Qxe2 O-O 16. d4 Qa5 17. Qf2 Ba6 18. Re1 cxd4 19. cxd4 Nd7 20. d5 Nc5 21. Bxc5 dxc5 22. Ne3 Bh6 23. f4 exf4 24.
gxf4 c4 25. Rac1 c3 26. e5 Rb2 27. Qg3 Qc5 28. e6 Bb7 29. exf7+ Rxf7 30. Qxg6+ Rg7 31.
Qxh6 Rgxg2+ 32. Kh1 Rh2+ 33. Kg1 Rbg2+ 34. Kf1 Qb5+ 0-1

[Event "Early-Titled-Tuesday-Blitz-May-14-2024"]
[Site "Chess.com"]
[Date "2024.05.14"]
[Round "4"]
[White "cristiano78"]
[Black "whiteglovethief"]
[Result "0-1"]
[WhiteElo "2251"]
[BlackElo "2446"]
[TimeControl "180+1"]
[EndTime "8:39:53 PDT"]
[Termination "whiteglovethief won by resignation"]

1. d4 Nf6 2. c4 e6 3. Nf3 d5 4.
Nc3 a6 5. e3 dxc4 6. Bxc4 b5 7.
Be2 Bb7 8. O-O Be7 9. b3 Nbd7 10. Bb2 O-O 11. Rc1 c5 12. dxc5 Nxc5 13. Qxd8 Rfxd8 14. Rfd1 b4 15. Nb1 Rac8 16. Nbd2 Nce4 17. Nxe4 Nxe4 18. Rxc8 Bxc8 19. Rxd8+ Bxd8 20. Bd3 Nc5 21. Bc4 a5 22. Nd4 Bf6 23. a3 Bb7 24. axb4 axb4 25. Bc1 Bd5 26. Bxd5 exd5 27. Bd2 Bxd4 28. exd4 Nxb3 29.
Bxb4 Nxd4 30. Kf1 f6 31. Bc3 Nb5 32. Bb2 Kf7 33. Ke2 Ke6 34. Kd3 Nd6 35. f3 Nc4 36. Bd4 Ne5+ 37. Kc3 g5 38. Kd2 h5 39. Ke3 h4 40. g3 h3 41. f4 Ng4+ 42. Ke2 Nxh2 43. fxg5 fxg5 44. g4 Nxg4 45. Kf3 Ne5+ 46. Kg3 g4 47.
Bg1 Kf5 48. Bd4 Ke4 0-1

[Event "Early-Titled-Tuesday-Blitz-May-14-2024"]
[Site "Chess.com"]
[Date "2024.05.14"]
[Round "4"]
[White "abelmat"]
[Black "Knightmare1014"]
[Result "1-0"]
[WhiteElo "2016"]
[BlackElo "2307"]
[TimeControl "180+1"]
[EndTime "8:39:53 PDT"]
[Termination "abelmat won by resignation"]

1. d4 d5 2. c4 e6 3. Nf3 Nf6 4. Nc3 Be7 5. Bf4 O-O 6. e3 b6 7. cxd5 Nxd5 8. Nxd5 Qxd5 9. a3 c5 10. Bd3 Ba6 11. Bxa6 Nxa6 12. O-O cxd4 13. exd4 Rfd8 14.
Rc1 Rac8 15. Qa4 Qb7 16. h3 Bf6 17. Be5 Be7 18. Rfd1 h6 19. Qb3 Rd5 20. Rxc8+ Qxc8 21. Qe3 Nb8 22. Rc1 Qb7 23. Rc7 Qa6 24. Rxe7 Nc6 25.
Re8+ Kh7 26. Qe4+ f5 27. Qh4 Nxe5 28. Ng5+ 1-0

[Event "Early-Titled-Tuesday-Blitz-May-14-2024"]
[Site "Chess.com"]
[Date "2024.05.14"]
[Round "4"]
[White "Hamisandwich"]
[Black "Slovineanu"]
[Result "1-0"]
[WhiteElo "2726"]
[BlackElo "2486"]
[TimeControl "180+1"]
[EndTime "8:39:54 PDT"]
[Termination "Hamisandwich won by resignation"]

1. e3 Nf6 2. b3 e6 3. Bb2 d5 4. f4 Be7 5. Nf3 c5 6. Bb5+ Bd7 7. a4 a6 8. Bxd7+ Nbxd7 9. a5 b5 10. axb6 Qxb6 11.
Nc3 O-O 12. Qe2 c4 13. Na4 Qb7 14. bxc4 dxc4 15. Qxc4 Rfc8 16. Qb3 Qe4 17. Nc3 Qg6 18. O-O Nc5 19. Qa2 Qxc2 20. Ba3 Qxa2 21. Rxa2 Kf8 22.
Nd4 Nce4 23. Bxe7+ Kxe7 24. Na4 Rab8 25. Rfa1 Nd5 26. Kf1 Nb4 27. Rb2 Nd3 28. Rxb8 Rxb8 29. Ke2 Ndc5 30. Nc6+ 1-0

[Event "Early-Titled-Tuesday-Blitz-May-14-2024"]
[Site "Chess.com"]
[Date "2024.05.14"]
[Round "4"]
[White "RantomOpening"]
[Black "Nechitaylo_Nikita"]
[Result "1-0"]
[WhiteElo "2547"]
[BlackElo "2349"]
[TimeControl "180+1"]
[EndTime "8:39:54 PDT"]
[Termination "RantomOpening won on time"]

1. b3 d5 2. Bb2 Nf6 3. e3 g6 4. g4 Bxg4 5. Nf3 Bg7 6. Be2 Nc6 7.
Rg1 Qd7 8. d3 O-O-O 9. Nbd2 h5 10. a4 Rhe8 11. a5 e5 12. a6 b6 13. d4 e4 14. Ng5 Bh6 15. h4 Bxg5 16. hxg5 Bxe2 17. Qxe2 Ng4 18. O-O-O Qf5 19. Rdf1 Nh2 20. Rd1 Nf3 21. Nxf3 Qxf3 22. Qxf3 exf3 23. Rg3 Re4 24. Rxf3 Rd7 25. Rg1 Nb4 26. Kd2 Nxa6 27. Ra1 Kb7 28. Rg1 c5 29.
Rf6 cxd4 30. Bxd4 Rc7 31. Rg3 Nc5 32. Rgf3 Ne6 33. Rxf7 Rxf7 34. Rxf7+ Kc6 35. Rf6 Kd7 36. Rxg6 Nxd4 37. exd4 Rxd4+ 38. Ke3 Rg4 39. f3 Rg2 40. Rg7+ Kc6 41. f4 Rxc2 42. f5 Rc3+ 43. Kf4 Kd6 44.
f6 Rxb3 45. f7 Ke7 46. g6 Rb4+ 47. Kg5 Rg4+ 48. Kxh5 Rf4 49. Rg8 d4 50. Re8+ Kd7 51. f8=Q Rxf8 52. Rxf8 a5 53. Rf3 b5 54. g7 1-0

[Event "Early-Titled-Tuesday-Blitz-May-14-2024"]
[Site "Chess.com"]
[Date "2024.05.14"]
[Round "4"]
[White "invisible_s0ul"]
[Black "RuperezA"]
[Result "0-1"]
[WhiteElo "2335"]
[BlackElo "2666"]
[TimeControl "180+1"]
[EndTime "8:39:57 PDT"]
[Termination "RuperezA won by resignation"]

1. e4 e6 2. d4 d5 3. exd5 exd5 4. Bd3 Nc6 5. c3 Bd6 6. Ne2 Nge7 7. O-O Bg4 8. f3 Bh5 9. Nf4 Bg6 10. Qc2 Qd7 11. b4 O-O 12. Nxg6 hxg6 13. a4 a5 14. b5 Nd8 15. Ba3 Ne6 16. Bxd6 Qxd6 17. Na3 Nf4 18.
c4 dxc4 19. Qxc4 Rfd8 20. Nc2 Ned5 21. Be4 c6 22. Rab1 cxb5 23. Rxb5 Rac8 24. Qb3 b6 25. Rd1 Ne2+ 26. Kh1 Nec3 27. Bxd5 Nxd1 28. Bxf7+ Kh7 29.
Qd3 Nf2+ 0-1

[Event "Early-Titled-Tuesday-Blitz-May-14-2024"]
[Site "Chess.com"]
[Date "2024.05.14"]
[Round "4"]
[White "Zarinur"]
[Black "GothamChess"]
[Result "0-1"]
[WhiteElo "2556"]
[BlackElo "2728"]
[TimeControl "180+1"]
[EndTime "8:39:58 PDT"]
[Termination "GothamChess won by checkmate"]

1. e4 d5 2. exd5 Qxd5 3. Nc3 Qa5 4. Bc4 Nf6 5. d3 Bg4 6. f3 Bd7 7. Bd2 Qb6 8. Bb3 e6 9. Qe2 Nc6 10. Be3 Qa5 11. Nh3 Bb4 12. Qd2 Nd5 13. Bxd5 exd5 14. d4 Bxh3 15. gxh3 O-O-O 16. O-O Rhe8 17. Bf2 Re6 18.
Kh1 Rde8 19. Bg3 Bxc3 20. bxc3 Ne7 21. a4 Nf5 22. Ra3 Qa6 23. Qf4 Qxf1# 0-1

[Event "Early-Titled-Tuesday-Blitz-May-14-2024"]
[Site "Chess.com"]
[Date "2024.05.14"]
[Round "4"]
[White "kingofthenil"]
[Black "ahmedkandiliii"]
[Result "1-0"]
[WhiteElo "2840"]
[BlackElo "2610"]
[TimeControl "180+1"]
[EndTime "8:39:59 PDT"]
[Termination "kingofthenil won by checkmate"]

1. d4 Nf6 2. Bf4 e6 3. Nd2 c5 4. e3 cxd4 5. exd4 b6 6. Nc4 d5 7. Ne5 Bb7 8. Bb5+ Nbd7 9. Bg5 Bc8 10. Ngf3 Be7 11. Nc6 Qc7 12. Nxe7 Kxe7 13. O-O a6 14. Ba4 b5 15. Bb3 h6 16. Bh4 Nb6 17. Re1 Re8 18. Ne5 Nc4 19. Qf3 g5 20. Bg3 Qb7 21. h4 Nxe5 22. Bxe5 Ne4 23. Rxe4 dxe4 24. Qf6+ Kf8 25. Qxh6+ Ke7 26. Qf6+ Kd7 27. Qxf7+ Re7 28. Bxe6+ Kd8 29. Qf8+ Re8 30. Bf6+ Kc7 31. Qc5+ Qc6 32. Be5+ Kb7 33. Bd5 Rxe5 34. Qxc6+ Ka7 35. Qc7+ Bb7 36. Qxb7# 1-0

[Event "Early-Titled-Tuesday-Blitz-May-14-2024"]
[Site "Chess.com"]
[Date "2024.05.14"]
[Round "4"]
[White "Raskolnikov6"]
[Black "Orest_Vovk"]
[Result "0-1"]
[WhiteElo "2440"]
[BlackElo "2675"]
[TimeControl "180+1"]
[EndTime "8:39:59 PDT"]
[Termination "Orest_Vovk won on time"]

1. c4 g5 2. d4 h6 3. h4 g4 4. e4 Bg7 5. Ne2 c5 6. dxc5 Qa5+ 7.
Nbc3 Qxc5 8. Ng3 Bxc3+ 9. bxc3 Nf6 10. Qd4 Qa5 11. Bd2 Nc6 12. Qe3 d6 13. Be2 Be6 14. Rb1 O-O-O 15. Rb5 Qxa2 16. O-O Bxc4 17. Bxc4 Qxc4 18. Rfb1 b6 19. Qe1 Kc7 20. Bf4 e5 21. Bd2 Rb8 22. R5b2 a5 23. Be3 b5 24. Rd1 Rhd8 25.
Nf5 Nxe4 26. Nxh6 Nxc3 27. Rc1 b4 28. Nxf7 Rd7 29. Ng5 d5 30. Kh1 d4 31. Bd2 Qd5 32. Bxc3 dxc3 33. Re2 Rh8 0-1

[Event "Early-Titled-Tuesday-Blitz-May-14-2024"]
[Site "Chess.com"]
[Date "2024.05.14"]
[Round "4"]
[White "bescmelasti"]
[Black "platy3"]
[Result "0-1"]
[WhiteElo "2617"]
[BlackElo "2861"]
[TimeControl "180+1"]
[EndTime "8:40:00 PDT"]
[Termination "platy3 won on time"]

1. e4 c5 2. Nf3 e6 3. d4 cxd4 4. Nxd4 Nc6 5. Nc3 Qc7 6. Ncb5 Qb8 7. Bd3 Nf6 8. O-O Be7 9. Re1 O-O 10. Bg5 h6 11.
Bh4 d6 12. Bg3 Ne5 13. c4 Bd7 14. Bf1 a6 15. Na3 Rd8 16. Rc1 Qc7 17. Nb1 Rac8 18. b3 Qb6 19. h3 Nc6 20. Nf3 Be8 21. Nc3 Qa5 22. Qd2 Nd7 23. Rb1 Nde5 24. Nd4 Bg5 25.
f4 Nxd4 26. Qxd4 Nc6 27. Qd2 Bf6 28. Rbc1 b5 29. cxb5 axb5 30. Bf2 d5 31. e5 Be7 32.
Rc2 Bb4 33. a3 Qxa3 34. Nb1 Qxb3 0-1

[Event "Early-Titled-Tuesday-Blitz-May-14-2024"]
[Site "Chess.com"]
[Date "2024.05.14"]
[Round "4"]
[White "LamaChampetre"]
[Black "AttilaTurzo"]
[Result "0-1"]
[WhiteElo "2201"]
[BlackElo "2477"]
[TimeControl "180+1"]
[EndTime "8:40:01 PDT"]
[Termination "AttilaTurzo won on time"]

1. d4 d5 2. c4 e6 3. Nf3 Nf6 4. g3 Bb4+ 5. Bd2 Be7 6. Bg2 O-O 7. O-O dxc4 8. Qc2 Bd7 9. Qxc4 Bc6 10.
Nc3 Nbd7 11. Qd3 Bb4 12. a3 Bxc3 13. Bxc3 a5 14. Rfe1 Be4 15. Qd2 b6 16. Rac1 Qc8 17. Qg5 Qb7 18. Red1 h6 19. Qh4 Rac8 20. b4 axb4 21.
axb4 Rfe8 22. Qh3 Nf8 23. Ne5 c5 24. bxc5 bxc5 25. Bxe4 Qxe4 26. Qg2 Qxe2 27. Re1 Qa6 28. dxc5 Rxc5 29. Bb4 Rxc1 30. Rxc1 Rc8 31. Rxc8 Qxc8 32. Qf1 N8d7 33. Nf3 Nd5 34. Bd6 Qc6 35. Ba3 Nc3 36.
Nd4 Qa4 0-1

[Event "Early-Titled-Tuesday-Blitz-May-14-2024"]
[Site "Chess.com"]
[Date "2024.05.14"]
[Round "4"]
[White "pfalcon1949"]
[Black "MariaFominykh"]
[Result "0-1"]
[WhiteElo "1909"]
[BlackElo "2331"]
[TimeControl "180+1"]
[EndTime "8:40:01 PDT"]
[Termination "MariaFominykh won by resignation"]

1. e4 e6 2. d4 d5 3. Nc3 Nf6 4.
e5 Nfd7 5. f4 c5 6. Nf3 Nc6 7.
Be3 a6 8. Qd2 b5 9. dxc5 Bxc5 10. Bd3 Qb6 11. Bxc5 Nxc5 12. O-O-O b4 13. Ne2 a5 14.
Ned4 Nxd3+ 15. Qxd3 Ba6 16. Qd2 Rc8 17. Nxc6 Qxc6 18.
Kb1 O-O 19. f5 exf5 20. Qxd5 Qxc2+ 21. Ka1 Rc5 22. Qd7 Be2 23. Rb1 Bxf3 24. gxf3 Rxe5 25. Rhc1 Qxh2 26. Rc8 g6 27. Rbc1 Rxc8 28. Rxc8+ Kg7 29. Qd1 Qf2 30. Rc1 Re2 31. Rb1 h5 32. a4 bxa3 0-1

[Event "Early-Titled-Tuesday-Blitz-May-14-2024"]
[Site "Chess.com"]
[Date "2024.05.14"]
[Round "4"]
[White "Kunalm64"]
[Black "David_Arutinian"]
[Result "0-1"]
[WhiteElo "2606"]
[BlackElo "2835"]
[TimeControl "180+1"]
[EndTime "8:40:03 PDT"]
[Termination "David_Arutinian won by resignation"]

1. d4 Nf6 2. c4 e6 3. g3 d5 4. Nf3 Bb4+ 5. Bd2 Be7 6. Bg2 c6 7.
O-O O-O 8. Qc2 b6 9. Rd1 Nbd7 10.
b3 Ba6 11. a4 c5 12. dxc5 Nxc5 13. Na3 dxc4 14. Nxc4 Qc8 15. Nfe5 Bb7 16. Bxb7 Qxb7 17. a5 Rac8 18. axb6 axb6 19. Bg5 Nce4 20. Bxf6 Nxf6 21. Qd3 Nd5 22. Qf3 Bb4 23. Ne3 Bc3 24. N3c4 Bxa1 25. Rxa1 Qc7 26. e4 Nf6 27. Nd3 b5 28. Ne3 Qc3 29.
Rd1 Rfd8 30. e5 Ne8 31. Ng4 Qxb3 32. h4 Rc3 33. Nh6+ gxh6 34. Qg4+ Ng7 35. Nf4 Qxd1+ 0-1

[Event "Early-Titled-Tuesday-Blitz-May-14-2024"]
[Site "Chess.com"]
[Date "2024.05.14"]
[Round "4"]
[White "Agibileg"]
[Black "OriTaichman"]
[Result "1-0"]
[WhiteElo "2903"]
[BlackElo "2612"]
[TimeControl "180+1"]
[EndTime "8:40:04 PDT"]
[Termination "Agibileg won on time"]

1. d4 Nf6 2. c4 g6 3. Nc3 Bg7 4.
e4 O-O 5. Be2 d6 6. Nf3 e5 7.
O-O Nc6 8. d5 Ne7 9. Nd2 Ne8 10.
b4 f5 11. c5 Nf6 12. a4 fxe4 13. Ndxe4 Nf5 14. Bg5 h6 15. Nxf6+ Bxf6 16. Bxf6 Qxf6 17. Ne4 Qe7 18. Bg4 Kh7 19. Rc1 a5 20. b5 Nd4 21.
Bxc8 Raxc8 22. b6 cxb6 23. cxd6 Qf7 24. Qg4 Rxc1 25. Rxc1 Qxd5 26. Rc7+ Kh8 27. h4 Ne6 28. Re7 Nf4 29. Qd7 Qg8 30. Qxb7 g5 31. h5 g4 32. g3 Nh3+ 33. Kg2 b5 34. Qxb5 Nxf2 35. Qxe5+ 1-0

[Event "Early-Titled-Tuesday-Blitz-May-14-2024"]
[Site "Chess.com"]
[Date "2024.05.14"]
[Round "4"]
[White "Ariadna_Atreides"]
[Black "viktorgen2021"]
[Result "0-1"]
[WhiteElo "2237"]
[BlackElo "2492"]
[TimeControl "180+1"]
[EndTime "8:40:04 PDT"]
[Termination "viktorgen2021 won on time"]

1. d4 Nf6 2. Nf3 g6 3. Nbd2 Bg7 4. e4 d6 5. Bd3 O-O 6. O-O Nc6 7. c3 e5 8. Re1 Re8 9. a4 h6 10. d5 Ne7 11. b4 Rf8 12. c4 Nd7 13. Ba3 a5 14. Nb3 f5 15. Nxa5 Nf6 16. Nb3 Rxa4 17. Na5 Bd7 18. Nc6 bxc6 19. Qxa4 cxd5 20. Qc2 dxe4 21. Bxe4 fxe4 22. Nd2 Bc6 23. c5 e3 24. fxe3 Ng4 25. e4 dxc5 26. Qxc5 Qxd2 27. Qxe7 Qf2+ 28. Kh1 Kh7 29.
h3 Bxe4 30. Rg1 Ne3 31. b5 Nxg2 32. Kh2 Nf4+ 0-1

[Event "Early-Titled-Tuesday-Blitz-May-14-2024"]
[Site "Chess.com"]
[Date "2024.05.14"]
[Round "4"]
[White "azikom"]
[Black "GambitGiesbergen"]
[Result "0-1"]
[WhiteElo "2716"]
[BlackElo "2322"]
[TimeControl "180+1"]
[EndTime "8:40:05 PDT"]
[Termination "GambitGiesbergen won by resignation"]

1. c4 e5 2. Nc3 Nf6 3. e3 d5 4.
cxd5 c6 5. dxc6 Nxc6 6. a3 Bc5 7. b4 Bb6 8. Bb2 O-O 9. Nge2 Bg4 10. f3 Bf5 11.
Ng3 Bg6 12. Bc4 Rc8 13. Qe2 Re8 14. O-O Nd4 15. Bxf7+ Bxf7 16. Qf2 Nb3 17. Rad1 Bc4 18. Rfe1 Bd3 19. h3 Rf8 20. Na4 Bc2 21. Nxb6 Qxb6 22.
Bxe5 Bxd1 23. Rxd1 Rfe8 24. Bc3 Red8 25. Nf5 Rxc3 26.
Qg3 Rc7 27. d4 Rcd7 28. Kh1 Nh5 29. Qe5 Qf6 30. Qb5 a6 31. Qc4+ Kh8 32. g4 Ng3+ 33. Kg2 Nxf5 34. gxf5 Qxf5 35. Qxb3 Rd6 36. e4 Rg6+ 37. Kf2 Qxh3 38. d5 Rg2+ 39. Ke3 Qh6+ 40. Kd4 Rd2+ 41. Rxd2 Qxd2+ 42. Qd3 Qxd3+ 43. Kxd3 Kg8 44. Kd4 Kf7 45. e5 Ke7 46. f4 Kd7 47. f5 Rf8 48.
Ke4 h5 49. e6+ Kd6 50. Kf4 h4 51.
Kg4 h3 52. Kxh3 Rxf5 0-1

[Event "Early-Titled-Tuesday-Blitz-May-14-2024"]
[Site "Chess.com"]
[Date "2024.05.14"]
[Round "4"]
[White "NelsonLinda"]
[Black "snowlord"]
[Result "0-1"]
[WhiteElo "2623"]
[BlackElo "2935"]
[TimeControl "180+1"]
[EndTime "8:40:06 PDT"]
[Termination "snowlord won on time"]

1. d4 Nf6 2. Nf3 Nc6 3. Nc3 e6 4. e4 Bb4 5. e5 Ne4 6. Qd3 d5 7.
exd6 Nxc3 8. bxc3 Bxd6 9. Be2 h6 10. O-O O-O 11. c4 e5 12. d5 Nb4 13. Qc3 b6 14.
Be3 Re8 15. Rfd1 Bf5 16. Rd2 Na6 17. a3 Nc5 18. Rdd1 Qf6 19. Nd2 Qg6 20. Rdc1 a5 21. Nb3 Ne4 22. Qe1 a4 23. c5 axb3 24. cxb3 Nxc5 25. Qc3 Be4 26. f3 Bxd5 27. Bd1 Qd3 28. b4 Qxc3 29. Rxc3 Na4 30. Rd3 Bc4 31. Rd2 Nc3 0-1

[Event "Early-Titled-Tuesday-Blitz-May-14-2024"]
[Site "Chess.com"]
[Date "2024.05.14"]
[Round "4"]
[White "Arimin1329"]
[Black "capatl"]
[Result "1/2-1/2"]
[WhiteElo "2392"]
[BlackElo "2616"]
[TimeControl "180+1"]
[EndTime "8:40:08 PDT"]
[Termination "Game drawn by repetition"]

1. Nf3 b6 2. g3 Bb7 3. Bg2 c5 4. O-O Nf6 5. c4 e6 6. Nc3 Be7 7. d4 cxd4 8. Qxd4 a6 9. Rd1 d6 10. Bg5 Nbd7 11. b3 O-O 12. Rac1 Re8 13. Rc2 Qc7 14.
Rcd2 Rac8 15. Qh4 b5 16. Rd4 bxc4 17. Rxc4 Qa5 18. Rxc8 Rxc8 19. Na4 h6 20. Be3 Nd5 21. Rxd5 Qxd5 22. Qxe7 Qd1+ 23. Bf1 Bxf3 24. exf3 Ne5 25.
f4 Nf3+ 26. Kg2 Ne1+ 27. Kg1 Nf3+ 28. Kg2 Ne1+ 29. Kg1 Nf3+ 1/2-1/2

[Event "Early-Titled-Tuesday-Blitz-May-14-2024"]
[Site "Chess.com"]
[Date "2024.05.14"]
[Round "4"]
[White "ChessQueen"]
[Black "Baronessa08"]
[Result "1-0"]
[WhiteElo "2790"]
[BlackElo "2591"]
[TimeControl "180+1"]
[EndTime "8:40:09 PDT"]
[Termination "ChessQueen won by resignation"]

1. e4 e5 2. Nf3 Nc6 3. Bb5 Nf6 4. d4 a6 5. Ba4 b5 6. Bb3 Bb4+ 7. c3 Bd6 8. dxe5 Bxe5 9. Nxe5 Nxe5 10. f4 Nc4 11. e5 Ne4 12. O-O Bb7 13. Bc2 d5 14. Qe2 O-O 15. b3 Nb6 16. Bb2 f5 17. exf6 Qxf6 18.
Nd2 Nxd2 19. Qxd2 c5 20. Rae1 Rae8 21. Qd3 g6 22. Rxe8 Rxe8 23. f5 g5 24. Bc1 h6 25.
Qg3 d4 26. h4 Re2 27. hxg5 hxg5 28. Bxg5 Qg7 29. f6 Rxg2+ 30. Qxg2 Bxg2 31. fxg7 Bxf1 32. Kxf1 dxc3 33. Be3 Nd5 34. Bxc5 Kxg7 35. Ke2 Kf6 36. Kd3 Ke5 37. Bd4+ 1-0

[Event "Early-Titled-Tuesday-Blitz-May-14-2024"]
[Site "Chess.com"]
[Date "2024.05.14"]
[Round "4"]
[White "Good_Knight_Kiss"]
[Black "Shushik"]
[Result "0-1"]
[WhiteElo "2355"]
[BlackElo "2552"]
[TimeControl "180+1"]
[EndTime "8:40:12 PDT"]
[Termination "Shushik won by resignation"]

1. e4 c5 2. Nf3 d6 3. d4 cxd4 4. Nxd4 Nf6 5. Nc3 a6 6. h3 e5 7. Nde2 h5 8. Bg5 Be6 9. Bxf6 Qxf6 10. Nd5 Qd8 11. Nec3 Nc6 12. Bc4 Rc8 13. Bb3 Nd4 14. O-O g6 15. f4 Bg7 16. f5 gxf5 17. exf5 Bxf5 18. Ne3 Bg6 19. Ncd5 O-O 20. c3 Nxb3 21.
Qxb3 Qg5 22. Qxb7 Rb8 23. Qxa6 Rxb2 24. Qxd6 Be4 25. Rf2 Rxf2 26. Kxf2 Kh8 27. Qe7 Qh6 28. a4 f5 29. a5 f4 30. Nc4 Bxd5 31. Nd6 f3 32. g3 Qd2+ 0-1

[Event "Early-Titled-Tuesday-Blitz-May-14-2024"]
[Site "Chess.com"]
[Date "2024.05.14"]
[Round "4"]
[White "cmunda"]
[Black "maracayo"]
[Result "0-1"]
[WhiteElo "2136"]
[BlackElo "2366"]
[TimeControl "180+1"]
[EndTime "8:40:12 PDT"]
[Termination "maracayo won by resignation"]

1. b3 e5 2. Bb2 d6 3. g3 Nf6 4. Bg2 Be7 5. e3 O-O 6. Ne2 Re8 7. O-O Nbd7 8. f4 h6 9. Nbc3 c6 10. h3 Bf8 11. g4 exf4 12. Nxf4 d5 13. Nce2 Ne5 14.
Ng3 Bd6 15. Nfh5 Nxh5 16. Nxh5 Qh4 17. Qe1 Qxe1 18. Raxe1 f6 19. e4 dxe4 20. Rxe4 Be6 21.
d4 Nf7 22. c4 Bd7 23. Rfe1 a5 24. a3 Kf8 25. c5 Bc7 26. Bc1 Rxe4 27. Rxe4 Ng5 28. Re1 Re8 29. Rxe8+ Bxe8 30. Nf4 Bf7 31. b4 a4 32. d5 Bxf4 33. Bxf4 Bxd5 34. Bxg5 Bxg2 35.
Kxg2 hxg5 36. Kf3 Ke7 37. Ke4 Ke6 38. Kd4 g6 39. Ke4 f5+ 40. Kd4 Kf6 41. Kd3 Ke5 42. Ke3 Kd5 43. Kd3 f4 0-1